 Dungeon Crawl Stone Soup version 0.24-a0-422-g9eff3895ba (webtiles) character file.

Game seed: 7948912970214029742

59693 Elric the Basher (level 14, -7/110 HPs)
             Began as a Demonspawn Fighter on June 12, 2019.
             Was a High Priest of Nemelex Xobeh.
             Killed from afar by a thorn hunter (22 damage)
             ... with a volley of thorns
             ... on level 2 of the Swamp.
             The game lasted 01:10:34 (23871 turns).

Elric the Basher (Demonspawn Fighter)              Turns: 23871, Time: 01:10:41

Health: -7/110     AC: 13    Str: 20    XL:     14   Next: 54%
Magic:  0/24       EV: 11    Int: 12    God:    Nemelex Xobeh [*****.]
Gold:   1574       SH: 13    Dex: 16    Spells: 9/13 levels left

rFire    + . .     SeeInvis .   U - +0 eveningstar
rCold    + + .     Gourm    .   Z - +1 shield of Philately {rC+ Dex+4}
rNeg     + . .     Faith    .   g - +0 swamp dragon scales
rPois    +         Spirit   +   (no helmet)
rElec    .         Reflect  .   P - scarf {rC+ rF+}
rCorr    +         Harm     .   H - +0 pair of gloves
MR       +....                  (no boots)
Stlth    +.........             T - amulet of guardian spirit
HPRegen  0.28/turn              X - ring of resist corrosion
MPRegen  0.19/turn              B - ring of poison resistance

@: studying Short Blades
A: claws 2, iridescent scales 1, negative energy resistance 1, powered by death
2, spiny 3
a: Draw Escape, Draw Destruction, Draw Summoning, Triple Draw, Deal Four, Stack
Five, Renounce Religion


You were on level 2 of the Swamp.
You worshipped Nemelex Xobeh.
Nemelex Xobeh was extremely pleased with you.
You were not hungry.

You visited 4 branches of the dungeon, and saw 20 of its levels.

You collected 2058 gold pieces.
You spent 484 gold pieces at shops.

Inventory:

Hand Weapons
 a - a +0 flail
 w - a +2 mace of protection
 U - a +0 eveningstar (weapon)
Missiles
 l - 18 boomerangs (quivered)
Armour
 e - a +0 cloak of magic resistance
 g - +0 swamp dragon scales (worn)
 A - a +1 large shield
 C - a +0 plate armour
 H - a +0 pair of gloves (worn)
 P - a scarf of resistance (worn)
 Z - the +1 shield of Philately (worn) {rC+ Dex+4}
   (You found it on level 5 of the Lair of Beasts)

   It affects your dexterity (+4).
   It protects you from cold.
Jewellery
 y - a +5 ring of dexterity
 B - a ring of poison resistance (right hand)
 T - an amulet of guardian spirit (around neck)
 X - a ring of resist corrosion (left hand)
Wands
 u - a wand of polymorph (13)
 v - a wand of iceblast (25)
 E - a wand of paralysis (8)
 F - a wand of clouds (11)
 J - a wand of disintegration (12)
 K - a wand of random effects (20)
 M - a wand of digging (17)
 O - a wand of scattershot (4)
 W - a wand of acid (4)
Scrolls
 c - 2 scrolls of fog
 i - 4 scrolls of teleportation
 m - 4 scrolls of amnesia
 n - 10 scrolls of remove curse
 p - 4 scrolls of enchant weapon
 s - a scroll of magic mapping
 t - 4 scrolls of enchant armour
Potions
 b - 2 potions of resistance {unknown}
 d - 2 potions of might
 h - 5 potions of haste
 j - 6 potions of lignification
 k - 4 potions of brilliance
 r - a potion of mutation
 x - 3 potions of magic
 z - 3 potions of agility
 D - a potion of heal wounds
 G - 10 potions of curing
 I - a potion of cancellation {unknown}
 Q - 3 potions of berserk rage {unknown}
 R - 2 potions of flight {unknown}
Books
 V - a manual of Short Blades
Miscellaneous
 o - a phantom mirror
 L - a lamp of fire
Comestibles
 f - 26 rations


   Skills:
 + Level 10.3 Fighting
 * Level 14.7 Maces & Flails
 + Level 9.1 Armour
 + Level 2.4 Dodging
 + Level 9.1 Shields
 + Level 14.4 Invocations


You had 9 spell levels left.
You knew the following spells:

 Your Spells              Type           Power        Failure   Level  Hunger
a - Summon Lightning Spi  Summ/Air       #.......     100%        4    #####..

Your spell library contained the following spells:

 Spells                   Type           Power        Failure   Level  Hunger
 Animate Skeleton         Necr           N/A          73%         1    ##.....
 Apportation              Tloc           #.....       73%         1    ##.....
 Beastly Appendage        Tmut           #.....       73%         1    ##.....
 Confusing Touch          Hex            #.....       73%         1    ##.....
 Infusion                 Chrm           #...         73%         1    ##.....
 Magic Dart               Conj           #...         73%         1    ##.....
 Summon Small Mammal      Summ           #...         73%         1    ##.....
 Blink                    Tloc           N/A          86%         2    ###....
 Call Imp                 Summ           #.......     86%         2    ###....
 Corpse Rot               Necr           N/A          86%         2    ###....
 Shroud of Golubria       Chrm/Tloc      #.....       86%         2    ###....
 Slow                     Hex            #.......     86%         2    ###....
 Song of Slaying          Chrm           #.......     86%         2    ###....
 Sticks to Snakes         Tmut           #.......     86%         2    ###....
 Sublimation of Blood     Necr           #.........   86%         2    ###....
 Call Canine Familiar     Summ           #.......     97%         3    ####...
 Conjure Flame            Conj/Fire      #.......     97%         3    ####...
 Mephitic Cloud           Conj/Pois/Air  #.......     97%         3    ####...
 Regeneration             Chrm/Necr      #.........   97%         3    ####...
 Spectral Weapon          Hex/Chrm       #.......     97%         3    ####...
 Spider Form              Tmut/Pois      #.........   97%         3    ####...
 Summon Guardian Golem    Hex/Summ       #.......     97%         3    ####...
 Ice Form                 Ice/Tmut       #.......     100%        4    #####..
 Summon Ice Beast         Ice/Summ       #.......     100%        4    #####..
 Agony                    Necr           #.......     100%        5    ######.
 Blade Hands              Tmut           #.........   100%        5    ######.
 Bolt of Draining         Conj/Necr      #.........   100%        5    ######.
 Dispel Undead            Necr           #.......     100%        5    ######.
 Excruciating Wounds      Chrm/Necr      #.........   100%        5    ######.


Dungeon Overview and Level Annotations

Branches:
Dungeon (11/15)            Temple (1/1) D:5            Lair (6/6) D:11
  Swamp (2/4) Lair:3        Snake (0/4) Lair:4        Slime (0/5) Lair:6
    Orc (0/2) D:9

Altars:
Ashenzari
Cheibriados
Dithmenos
Elyvilon
Fedhas
Gozag
Hepliaklqana
Kikubaaqudgha
Makhleb
Nemelex Xobeh
Okawaru
Qazlal
Ru
Sif Muna
Trog
Uskayaw
Vehumet
Wu Jian
Xom
Yredelemnul
Zin
The Shining One

Shops:
D:6 !   D:7 (   D:9 :   D:10 [

Portals:
Trove: D:11 (give +4 fire dragon scales)

Annotations:
D:5 1 transporter
Lair:3 Gumption's ghost, journeyman GnCK
Lair:5 exclusion: 3 oklob plants
Lair:6 exclusion: 5 oklob plants


Innate Abilities, Weirdness & Mutations

You have very sharp fingernails.
You are partially covered in iridescent scales. (AC +2)
You resist negative energy. (rN+)
You regenerate health from kills.
You are completely covered in sharp spines.


Message History

The volley of thorns hits your basilisk!!
Your fire vortex hits the thorn hunter.
Your fire vortex burns the thorn hunter!
The thorn hunter is burned terribly!
Your fire vortex dissipates!
Your ice beast misses the thorn hunter.
Your basilisk misses the thorn hunter.
The briar patch crumbles away. x2
The thorn hunter fires a volley of thorns at you.
The volley of thorns hits your basilisk!!
Your basilisk dies!
Your basilisk's corpse disappears in a puff of smoke!
Your ice beast barely misses the thorn hunter.
The briar patch crumbles away. x2
The thorn hunter fires a volley of thorns at you.
The volley of thorns hits you!!
* * * LOW HITPOINT WARNING * * *
The thorn hunter fires a volley of thorns at you.
The volley of thorns hits you!!
You die...
Your body glows with a rainbow of weird colours and disappears.

♣♣...≈≈≈........♣
♣♣♣♣)≈.....≈≈≈>♣
♣≈.≈..§.≈≈≈≈♣
♣♣§...≈♣≈.≈
♣♣♣♣♣♣♣≈.≈≈≈.....
♣♣P..♣♣≈..≈≈≈≈≈.(≈
♣PP≈≈.♣♣...§.≈≈§..
♣.PPPP.♣♣≈♣♣≈..≈≈.
♣≈@..≈♣.....≈≈≈≈
♣...♣♣♣.≈≈≈≈..≈♣
♣§Y≈.♣≈.≈≈≈≈.≈♣♣ ♣♣♣
♣f...≈.≈≈≈≈≈≈.♣ ♣..
♣○.♣♣♣.≈≈≈≈≈≈.♣ ♣♣...
♣†≈♣ ♣.≈≈≈≈≈≈.♣
♣♣≈...♣♣♣.♣♣♣♣§...≈≈≈.♣
♣...≈≈°♣..≈≈≈♣≈♣♣♣♣..≈♣
♣.(.≈...≈≈≈.≈♣♣♣ ♣.≈.


You could see a thorn hunter and a friendly ice beast.

Vanquished Creatures
  A fire dragon (Swamp:2)
  A ghost crab (Swamp:1)
  7 hydras
  A centaur warrior (D:11)
  A merfolk avatar (Lair:6)
  2 alligators
  A queen ant (Lair:3)
  2 skeletal warriors (D:10)
  An unseen horror (D:11)
  2 sea snakes (Lair:6)
  4 swamp dragons
  A harpy (Lair:6)
  An orc sorcerer (D:11)
  A moth of wrath (Lair:3)
  4 elephants (Lair:6)
  6 black mambas
  11 spiny frogs
  5 rime drakes
  A yaktaur (D:11)
  11 komodo dragons
  2 trolls (D:11)
  2 polar bears (Lair:6)
  A jumping spider (Lair:4)
  3 bog bodies (Lair:3)
  5 hornets
  A meliai zombie (D:9)
  2 tyrant leeches
  14 hippogriffs
  3 dream sheep (Lair:6)
  16 blink frogs
  Sigmund (D:6)
  A shadow (Swamp:1)
  A tarantella (D:11)
  2 spriggans (Swamp:1)
  10 yaks
  2 steam dragons
  2 fire bats
  4 wyverns
  A golden eye (Lair:4)
  3 basilisks
  2 hungry ghosts
  6 vampire mosquitoes
  10 insubstantial wisps (Swamp:1)
  Menkaure (D:7)
  2 nagas
  8 swamp worms
  11 water moccasins
  3 soldier ants
  8 porcupines
  3 swamp drakes
  6 orc warriors
  6 ice beasts
  3 sky beasts
  A hornet zombie (D:11)
  3 phantoms
  2 ogres (D:7)
  6 centaurs
  7 wolves
  16 crocodiles
  21 bullfrogs
  5 big kobolds
  A gnoll sergeant (D:8)
  8 scorpions
  4 killer bees (D:9)
  4 wights
  An electric eel (D:11)
  2 howler monkeys (D:4)
  4 crimson imps
  2 centaur zombies
  6 hounds
  A gnoll shaman (D:4)
  6 orc priests
  4 jellies
  2 bullfrog skeletons
  A centaur skeleton (D:5)
  3 iguanas
  Natasha (thrice) (D:4)
  10 orc wizards
  14 worker ants
  A worker ant zombie (D:8)
  13 gnolls
  19 adders
  A shadow imp (D:7)
  An adder zombie (D:6)
  A worm (D:3)
  A dart slug (D:1)
  8 leopard geckos
  31 orcs
  6 bats
  6 giant cockroaches
  11 goblins
  3 hobgoblins (D:2)
  7 jackals
  3 quokkas
  A ball python (D:2)
  7 frilled lizards
  20 kobolds
  A quokka skeleton (D:10)
  15 rats
  A spectral orc (D:2)
503 creatures vanquished.

Vanquished Creatures (collateral kills)
  4 hydras
  A shambling mangrove (Swamp:1)
  A two-headed ogre (D:11)
  A skeletal warrior (D:11)
  An orc knight (D:11)
  A cyclops (D:11)
  A spiny frog (Lair:6)
  An efreet (D:11)
  2 trolls (D:11)
  A polar bear (Lair:6)
  2 hornets (Lair:6)
  Prince Ribbit (D:6)
  5 dream sheep
  A blink frog (Lair:1)
  3 yaks (Lair:6)
  A wyvern (D:11)
  2 vampire mosquitoes
  A water moccasin (Lair:3)
  A swamp drake (Swamp:1)
  3 crocodiles
  An orc (D:11)
35 creatures vanquished.

Vanquished Creatures (others)
  A harpy (Lair:6)
  A centaur zombie (D:11)
  An orc warrior (D:11)
  3 wolves (Lair:6)
  5 worker ants
  A ball lightning (Lair:3)
  An orc (D:11)
  A quokka (D:6)
  4 bushes (Lair:6)
  19 fungi
  28 plants
65 creatures vanquished.

Grand Total: 603 creatures vanquished

Notes
Turn   | Place    | Note
-------+----------+-------------------------------------------
     0 | D:1      | Elric the Demonspawn Fighter began the quest for the Orb.
     0 | D:1      | Reached XP level 1. HP: 18/18 MP: 1/1
   323 | D:1      | Gained mutation: You regenerate a little health from kills.
                  | [demonic ancestry]
   323 | D:1      | Reached XP level 2. HP: 24/24 MP: 2/2
   822 | D:2      | Gained mutation: You are partially covered in sharp spines.
                  | [demonic ancestry]
   822 | D:2      | Reached XP level 3. HP: 7/29 MP: 3/3
  1081 | D:2      | Found a basalt altar of Yredelemnul.
  1368 | D:2      | Gained mutation: You are mostly covered in sharp spines.
                  | [demonic ancestry]
  1368 | D:2      | Reached XP level 4. HP: 25/37 MP: 4/4
  2137 | D:3      | Gained mutation: You are completely covered in sharp
                  | spines. [demonic ancestry]
  2137 | D:3      | Reached XP level 5. HP: 41/42 MP: 5/5
  2649 | D:3      | Found a hide-covered altar of Uskayaw.
  3167 | D:4      | Gained mutation: You regenerate health from kills. [demonic
                  | ancestry]
  3167 | D:4      | Reached XP level 6. HP: 49/49 MP: 6/6
  3670 | D:4      | Noticed Natasha
  3679 | D:4      | Reached skill level 5 in Maces & Flails
  3689 | D:4      | Killed Natasha
  3868 | D:4      | Noticed Natasha
  3872 | D:4      | Killed Natasha
  3872 | D:4      | Gained mutation: You are partially covered in iridescent
                  | scales. (AC +2) [demonic ancestry]
  3872 | D:4      | Reached XP level 7. HP: 55/55 MP: 7/7
  3965 | D:4      | Noticed Natasha
  3970 | D:4      | Killed Natasha
  3998 | D:5      | Entered Level 5 of the Dungeon
  4026 | D:5      | Found a transporter.
  4152 | D:5      | Reached skill level 5 in Fighting
  4248 | D:5      | Found a staircase to the Ecumenical Temple.
  4261 | Temple   | Entered the Ecumenical Temple
  4401 | Temple   | Became a worshipper of Nemelex Xobeh the Trickster
  4459 | D:6      | Reached skill level 1 in Invocations
  4469 | D:6      | Received a gift from Nemelex Xobeh
  4596 | D:6      | Learned a level 4 spell: Summon Lightning Spire
  4691 | D:6      | Reached XP level 8. HP: 63/63 MP: 9/9
  4731 | D:6      | Noticed Prince Ribbit
  4744 | D:6      | Killed Prince Ribbit
  4897 | D:6      | Found Emynnuci's Distillery.
  4901 | D:6      | Bought a potion of curing for 42 gold pieces
  4901 | D:6      | Bought a potion of curing for 42 gold pieces
  4901 | D:6      | Bought a potion of curing for 42 gold pieces
  4901 | D:6      | Bought a potion of heal wounds for 70 gold pieces
  4901 | D:6      | Bought a potion of heal wounds for 70 gold pieces
  4901 | D:6      | Bought a potion of curing for 42 gold pieces
  4935 | D:6      | Noticed Sigmund
  4947 | D:6      | Killed Sigmund
  5646 | D:7      | Gained mutation: You have sharp fingernails. [demonic
                  | ancestry]
  5646 | D:7      | Reached XP level 9. HP: 68/69 MP: 11/11
  5694 | D:7      | Reached skill level 5 in Armour
  5708 | D:7      | Reached skill level 5 in Shields
  5741 | D:7      | Found a stormy altar of Qazlal.
  5875 | D:7      | Noticed Menkaure
  5886 | D:7      | Killed Menkaure
  5974 | D:7      | Received a gift from Nemelex Xobeh
  6138 | D:7      | Reached skill level 5 in Invocations
  6254 | D:7      | Found Ocvymiv's Antique Weapon Emporium.
  6290 | D:8      | Reached * piety under Nemelex Xobeh
  6424 | D:8      | Found a shadowy altar of Dithmenos.
  6904 | D:9      | Gained mutation: You have very sharp fingernails. [demonic
                  | ancestry]
  6904 | D:9      | Reached XP level 10. HP: 79/79 MP: 14/14
  6978 | D:9      | Found a staircase to the Orcish Mines.
  7067 | D:9      | Received a gift from Nemelex Xobeh
  7162 | D:9      | Reached ** piety under Nemelex Xobeh
  7333 | D:9      | Received a gift from Nemelex Xobeh
  7336 | D:9      | Found a radiant altar of Vehumet.
  7412 | D:9      | Found a blossoming altar of Fedhas.
  7413 | D:9      | Found an ancient bone altar of Kikubaaqudgha.
  7452 | D:9      | Found an ornate altar of the Wu Jian Council.
  7488 | D:9      | Found Zeivvux's Book Shoppe.
  8043 | D:10     | Entered Level 10 of the Dungeon
  8621 | D:10     | Found Coiro Fuifa's Antique Armour Shop.
  8631 | D:10     | Bought a runed scarf for 176 gold pieces
  8794 | D:11     | Noticed a skeletal warrior
  8795 | D:11     | Found a staircase to the Lair.
  8795 | D:11     | Noticed a skeletal warrior
  8795 | D:11     | Noticed a skeletal warrior
  8796 | D:11     | Noticed a skeletal warrior
  9193 | D:10     | Killed a skeletal warrior
  9339 | D:10     | HP: 1/80 [skeletal warrior/+0 war axe[a skeletal warrior]
                  | (21)]
  9368 | D:10     | HP: 2/80 [skeletal warrior/+0 war axe[a skeletal warrior]
                  | (6)]
  9769 | D:10     | Killed a skeletal warrior
 10073 | D:11     | Killed a skeletal warrior
 10342 | D:11     | Reached XP level 11. HP: 74/86 MP: 16/16
 10392 | D:11     | Noticed a two-headed ogre
 10408 | D:11     | Reached skill level 10 in Maces & Flails
 10413 | D:11     | Killed a two-headed ogre
 10634 | D:11     | Received a gift from Nemelex Xobeh
 10756 | D:11     | Killed an unseen horror
 10895 | D:11     | Noticed a centaur warrior
 10908 | D:11     | Killed a centaur warrior
 11018 | D:11     | Reached *** piety under Nemelex Xobeh
 11059 | D:11     | Found a portal to a secret trove of treasure.
 11160 | D:11     | Received a gift from Nemelex Xobeh
 11248 | D:11     | Noticed a deep elf mage
 11250 | D:11     | Identified the cursed +0 robe of Whack-A-Mole {*Slow Int+3
                  | Slay+2}
 11250 | D:11     | Noticed an orc sorcerer
 11262 | D:11     | Paralysed by an orc sorcerer for 5 turns
 11268 | D:11     | Killed an orc sorcerer
 11276 | D:11     | a deep elf mage changed into a yaktaur
 11475 | D:11     | Noticed an orc knight
 11593 | D:11     | Killed an orc knight
 12532 | D:11     | Noticed a six-headed hydra
 12546 | D:11     | Killed a six-headed hydra
 13191 | D:11     | Identified a scroll of acquirement
 13287 | Lair:1   | Entered Level 1 of the Lair of Beasts
 13301 | Lair:1   | Reached XP level 12. HP: 55/95 MP: 17/19
 13341 | Lair:1   | Received a gift from Nemelex Xobeh
 13464 | Lair:1   | Noticed an eight-headed hydra
 13475 | Lair:1   | Killed an eight-headed hydra
 13501 | Lair:1   | Reached skill level 10 in Invocations
 13660 | Lair:1   | Noticed a seven-headed hydra
 13680 | Lair:1   | Killed a seven-headed hydra
 15564 | Lair:2   | Received a gift from Nemelex Xobeh
 15743 | Lair:2   | Reached **** piety under Nemelex Xobeh
 15897 | Lair:3   | Noticed Gumption's ghost (journeyman GnCK)
 15975 | Lair:3   | Noticed a queen ant
 15992 | Lair:3   | Killed a queen ant
 15994 | Lair:3   | Noticed an eight-headed hydra
 16720 | Lair:3   | You fall into a shaft and drop 3 floors!
 16720 | Lair:6   | Entered Level 6 of the Lair of Beasts
 16741 | Lair:6   | Reached XP level 13. HP: 103/103 MP: 21/21
 17992 | Lair:6   | HP: 1/103 [drowned by a drowned soul[a merfolk avatar]
                  | (10)]
 18551 | Lair:6   | Received a gift from Nemelex Xobeh
 18777 | Lair:6   | Found a staircase to the Slime Pits.
 18843 | Lair:5   | Received a gift from Nemelex Xobeh
 18967 | Lair:5   | Received a gift from Nemelex Xobeh
 19031 | Lair:5   | Reached ***** piety under Nemelex Xobeh
 19075 | Lair:5   | Received a gift from Nemelex Xobeh
 19085 | Lair:5   | Got a brightly glowing shield
 19086 | Lair:5   | Identified the +1 shield of Philately {rC+ Dex+4} (You
                  | found it on level 5 of the Lair of Beasts)
 20020 | Lair:4   | Received a gift from Nemelex Xobeh
 20173 | Lair:4   | Found a staircase to the Snake Pit.
 20360 | Lair:4   | Received a gift from Nemelex Xobeh
 20391 | Lair:4   | Gained mutation: You resist negative energy. (rN+) [demonic
                  | ancestry]
 20391 | Lair:4   | Reached XP level 14. HP: 40/109 MP: 10/24
 21185 | Lair:3   | Received a gift from Nemelex Xobeh
 21357 | Lair:3   | Received a gift from Nemelex Xobeh
 21359 | Lair:3   | Found a transporter.
 21378 | Lair:3   | Found a staircase to the Swamp.
 21392 | Lair:3   | Found a transporter.
 22022 | Swamp:1  | Entered Level 1 of the Swamp
 22726 | Swamp:1  | Reached skill level 10 in Fighting
 22730 | Swamp:1  | Reached skill level 1 in Dodging
 22899 | Swamp:1  | Received a gift from Nemelex Xobeh
 23432 | Swamp:1  | Received a gift from Nemelex Xobeh
 23851 | Swamp:2  | Noticed a thorn hunter
 23871 | Swamp:2  | Killed from afar by a thorn hunter

Levels and vault maps discovered:
D:1:      tarquinn_simple_flora_water_f, layout_rooms
D:2:      layout_loops_ring, yredelemnul_forgotten_temple_becter,
          corexii_item_surrounded_by_moat
D:3:      layout_basic, overflow_temple_1_default, minmay_checkerbox
D:4:      layout_cave_pods, first_ration, uniq_natasha
D:5:      gammafunk_steamed_eel, layout_rooms,
          minmay_temple_entry_gardened_gates, st_stairs_3,
          minmay_misc_feat_doors, elyvilon_altar_4
D:6:      cheibrodos_helix_gallery, layout_loops_ring, serial_shops,
          nicolae_shop_crystal, uniq_prince_ribbit1, uniq_sigmund
D:7:      layout_rooms, nicolae_qazlal_general_emergency, serial_shops,
          shop_statue, corexii_corridor_pit, uniq_menkaure
D:8:      layout_loops_ring, old_standard_altar
D:9:      layout_layer_cave, nicolae_overflow_hidden_temple, orc_0_dummy,
          serial_shops, nicolae_shop_stone
D:10:     layout_loops_cross, serial_shops, shop_fountains
D:11:     minmay_the_grid_4x2 [minmay_the_grid_spikes,
          minmay_the_grid_spin_star, minmay_the_grid_armoury,
          minmay_the_grid_mess, minmay_the_grid_box_x,
          minmay_the_grid_minigrid_large, minmay_the_grid_tri_star,
          minmay_the_grid_prize_inner_circle], layout_irregular_city,
          enter_trove_1, kennysheep_generic_room_4
Temple:   jpeg_temple_clearing
Lair:1:   layout_loops_ring, nzn_random_ring
Lair:2:   layout_roguey, minivault_19
Lair:3:   layout_regular_city, skrybe_swamp_entry_bodies,
          gammafunk_ghost_berserking_beasts, minmay_another_anthill
Lair:4:   layout_hall_layers, guppyfry_snake_entry_island, grunt_megastairs_1
Lair:5:   layout_gridlike, infiniplex_staircase_pool_2,
          minmay_lair_oklob_chamber
Lair:6:   gammafunk_lair_ancient_temple, layout_loops_ring,
          minmay_slime_entry_oklob_open
Swamp:1:  layout_basic_swamp, evilmike_swamp_ruin_rubble_2
Swamp:2:  layout_basic_swamp, evilmike_swamp_ruin_rubble_1

Skill      XL: |  1  2  3  4  5  6  7  8  9 10 11 12 13 14 |
---------------+-------------------------------------------+-----
Maces & Flails | 2 3 4 5 6 7 8 9 11 12 14 | 14.7
Fighting       | 4 5 6 7 8 9 10 | 10.3
Armour         | 3 4 5 6 7 8 9 |  9.1
Shields        | 3 4 5 6 7 8 9 |  9.1
Invocations    | 2 3 5 7 9 11 13 14 | 14.4
Dodging        | 2 |  2.4

Action                   |  1- 3 |  4- 6 |  7- 9 | 10-12 | 13-15 || total
-------------------------+-------+-------+-------+-------+-------++-------
Melee: Flail             |    89 |   117 |   389 |   705 |       ||  1300
       Eveningstar       |       |       |       |   228 |   661 ||   889
Throw: Boomerang         |     8 |       |     8 |     1 |       ||    17
Invok: Triple Draw       |       |       |       |     1 |       ||     1
 Abil: Draw Destruction  |       |       |     5 |    25 |    31 ||    61
       Draw Summoning    |       |       |     1 |    12 |    10 ||    23
       Draw Escape       |       |       |     1 |     3 |     5 ||     9
Evoke: Wand              |       |     2 |     1 |     1 |       ||     4
       Lamp of fire      |       |       |       |     1 |       ||     1
  Use: Scroll            |       |     2 |    10 |    15 |     5 ||    32
       Potion            |       |       |       |     3 |     1 ||     4
 Stab: Distracted        |       |       |       |     1 |       ||     1
       Petrifying        |       |       |       |     1 |       ||     1
       Petrified         |       |       |       |     1 |       ||     1
       Confused          |       |       |       |       |     1 ||     1
  Eat: Chunk             |     1 |     6 |     6 |    13 |     8 ||    34
       Ration            |       |     2 |       |     8 |     4 ||    14
Armor: Scale mail        |    39 |    37 |    51 |       |       ||   127
       Plate armour      |       |       |    80 |   465 |   321 ||   866
       Swamp dragon scal |       |       |       |       |    47 ||    47
Dodge: Dodged            |    21 |    28 |    39 |    61 |   111 ||   260
Block: Shield            |    44 |    54 |       |       |   217 ||   315
       Large shield      |       |       |   297 |   828 |   347 ||  1472

Table legend:
 A = Non-vault XP
 B = Vault XP
 C = Vault XP percentage of total XP
 D = Non-vault monster count
 E = Vault monster count
 F = Vault count percentage of total count
                 A         B        C        D         E       F
            +---------+---------+-------+---------+---------+-------
      Total |   59876 |   25401 |  29.8 |     438 |     111 |  20.2
            +---------+---------+-------+---------+---------+-------
        D:1 |      30 |       0 |   0.0 |      17 |       0 |   0.0
        D:2 |     132 |       1 |   0.8 |      27 |       1 |   3.6
        D:3 |     156 |       8 |   4.9 |      23 |       4 |  14.8
        D:4 |     410 |      35 |   7.9 |      15 |       1 |   6.2
        D:5 |     370 |      14 |   3.6 |      16 |       2 |  11.1
        D:6 |    1040 |     470 |  31.1 |      21 |       2 |   8.7
        D:7 |    1444 |     169 |  10.5 |      38 |       1 |   2.6
        D:8 |    1146 |       0 |   0.0 |      22 |       0 |   0.0
        D:9 |    1352 |       0 |   0.0 |      23 |       0 |   0.0
       D:10 |    3228 |       0 |   0.0 |      29 |       0 |   0.0
       D:11 |    4575 |    6377 |  58.2 |      35 |      33 |  48.5
     Lair:1 |    5792 |    4313 |  42.7 |      27 |      15 |  35.7
     Lair:2 |    2480 |     215 |   8.0 |      11 |       3 |  21.4
     Lair:3 |    5142 |    2850 |  35.7 |      13 |      19 |  59.4
     Lair:4 |    3503 |     248 |   6.6 |      16 |       2 |  11.1
     Lair:5 |    3100 |     210 |   6.3 |      15 |       1 |   6.2
     Lair:6 |   11103 |   10491 |  48.6 |      43 |      27 |  38.6
    Swamp:1 |   11928 |       0 |   0.0 |      39 |       0 |   0.0
    Swamp:2 |    2945 |       0 |   0.0 |       8 |       0 |   0.0
            +---------+---------+-------+---------+---------+-------
